 Dungeon Crawl Stone Soup version 0.21-a0-84-g85d6d27 (webtiles) character file.

280 roflturtle the Changer (level 6, -1/48 HPs)
             Began as a Draconian Transmuter on July 4, 2017.
             Slain by a mummy (10 damage)
             ... in an ossuary.
             The game lasted 00:13:31 (2760 turns).

roflturtle the Changer (Draconian Transmuter)       Turns: 2760, Time: 00:13:32

Health: -1/48      AC:  2    Str: 12    XL:     6   Next: 5%
Magic:  6/9        EV: 19    Int: 15    God:
Gold:   157        SH:  0    Dex: 17    Spells: 3/9 levels left

rFire    . . .     SeeInvis +     - Unarmed
rCold    . . .     Gourm    .   (shield currently unavailable)
rNeg     . . .     Faith    .   (armour unavailable)
rPois    x         Spirit   .   (helmet currently unavailable)
rElec    .         Reflect  .   (cloak currently unavailable)
rCorr    .         Harm     .   (gloves currently unavailable)
MR       +....                  (boots currently unavailable)
Stlth    ++........             (no amulet)
HPRegen  0.16/turn              r - ring of protection from magic
MPRegen  0.11/turn              f - ring of see invisible

@: spider-form
A: unfitting armour, AC +6
a: End Transformation


You were in an ossuary.
You were not hungry.
You were a venomous arachnid creature.
You visited 1 branch of the dungeon, and saw 4 of its levels.
You also visited: Ossuary.

You collected 157 gold pieces.

Inventory:

Hand Weapons
 j - a cursed +0 dagger
 s - a cursed +0 hand axe
Missiles
 a - 40 arrows
 l - 29 poisoned needles
Jewellery
 f - a ring of see invisible (right front leg)
 r - a ring of protection from magic (left front leg)
Wands
 o - a wand of random effects (29/48)
Scrolls
 d - 2 scrolls of identify
 e - a scroll of blinking
 g - a scroll of immolation
 h - a scroll of magic mapping
 m - 2 scrolls of teleportation
Potions
 k - a potion of flight
 t - a potion of heal wounds
Books
 b - a book of Changes

   Spells                             Type                      Level
   a - Beastly Appendage              Transmutation                1
   b - Sticks to Snakes               Transmutation                2
   c - Spider Form                    Transmutation/Poison         3
   d - Ice Form                       Ice/Transmutation            4
   e - Blade Hands                    Transmutation                5
Comestibles
 c - 5 bread rations
 i - a fruit
 n - 3 chunks of flesh
 p - 2 royal jellies
 q - 2 meat rations


   Skills:
 - Level 2.0 Fighting
 - Level 2.0 Dodging
 + Level 3.1 Unarmed Combat
 - Level 2.0 Spellcasting
 - Level 5.0 Transmutations
 - Level 3.0 Poison Magic


You had 3 spell levels left.
You knew the following spells:

 Your Spells              Type           Power        Failure   Level  Hunger
a - Beastly Appendage     Tmut           ###...       10%         1    #......
b - Sticks to Snakes      Tmut           ###.....     13%         2    ###....
c - Spider Form           Tmut/Pois      ##........   30%         3    ###....


Dungeon Overview and Level Annotations

Branches:
Dungeon (4/15)
 Temple: D:4-7

Altars:


Innate Abilities, Weirdness & Mutations

((Your plain brown scales are hard. (AC +6)))
You cannot fit into any form of body armour.
((You are cold-blooded and may be slowed by cold attacks.))


Message History

Your experience leads to an increase in your attributes!
Your base attributes are Str 12, Int 14, Dex 12.
Increase (S)trength, (I)ntelligence, or (D)exterity?
You feel clever.
Your scales feel tougher.
You feel much better.
You hit the mummy.
The mummy is lightly damaged.
You hit the mummy.
The mummy is moderately damaged.
You bite the mummy!
The mummy is severely damaged.
You hit the mummy.
The mummy is severely damaged.
The mummy hits you!!
* * * LOW HITPOINT WARNING * * *
You bite the mummy!
You destroy the mummy!
The mummy closely misses you.
You hit the mummy but do no damage. The mummy hits you!
You die...

!? !? # .#
###'### .#
##.....## ##.+
##.......###^.#
#.........#.^.+
+....⌠....M...#
#.........#s..+
##.......###..#
##.....## ##.+
###'### .# #.#
.# ##.## ?!
#.∩.# .? #.∩.#
### #####


You could see a mummy.

Vanquished Creatures
  A howler monkey (D:4)
  An orc wizard (D:3)
  An iguana (D:3)
  Jessica (D:2)
  2 mummies (Ossuary)
  4 adders
  3 oozes
  A worm (D:4)
  A dart slug (D:1)
  5 leopard geckos
  5 orcs
  A ball python (D:3)
  5 giant cockroaches
  7 goblins
  4 hobgoblins (D:3)
  7 bats
  6 frilled lizards
  6 kobolds
  4 rats
65 creatures vanquished.

Vanquished Creatures (collateral kills)
  A worker ant (D:3)
  An adder (D:3)
  An orc (D:3)
3 creatures vanquished.

Grand Total: 68 creatures vanquished

Notes
Turn   | Place    | Note
-------+----------+-------------------------------------------
     0 | D:1      | roflturtle the Draconian Transmuter began the quest for the Orb.
     0 | D:1      | Reached XP level 1. HP: 16/16 MP: 3/3
   338 | D:1      | Reached XP level 2. HP: 22/23 MP: 3/5
   345 | D:1      | Learned a level 2 spell: Sticks to Snakes
   569 | D:1      | Reached skill level 3 in Transmutations
   969 | D:2      | Reached XP level 3. HP: 29/29 MP: 2/6
   974 | D:2      | Learned a level 3 spell: Spider Form
  1162 | D:2      | Noticed Jessica
  1176 | D:2      | Killed Jessica
  1176 | D:2      | Reached XP level 4. HP: 29/36 MP: 5/7
  1364 | D:2      | Reached skill level 4 in Transmutations
  1723 | D:3      | Reached skill level 1 in Poison Magic
  1983 | D:3      | Reached XP level 5. HP: 41/41 MP: 2/8
  2198 | D:3      | Reached skill level 5 in Transmutations
  2716 | D:4      | Found a sand-covered staircase.
  2724 | Ossuary  | Entered an ossuary
  2752 | Ossuary  | Reached XP level 6. HP: 3/48 MP: 5/9
  2760 | Ossuary  | Slain by a mummy

Vault maps used:
D:1:      matt_arrival_spirals
D:2:      first_bread, uniq_jessica
D:4:      minmay_temple_entry_butterflies, nicolae_ossuary_entry_plus,
          serial_shops, kennysheep_little_box, nicolae_ru_awakened_eye
Ossuary:  ossuary_crypta

Skill      XL: |  1  2  3  4  5 |
---------------+----------------+-----
Dodging        | 2 |  2.0
Transmutations | 3 4 5 |  5.0
Fighting       | 2 |  2.0
Poison Magic   | 2 3 |  3.0
Unarmed Combat | |  3.1
Spellcasting   | |  2.0

Action                   |  1- 3 |  4- 6 || total
-------------------------+-------+-------++-------
Melee: Unarmed           |    79 |   138 ||   217
       Tailslap          |     2 |    10 ||    12
       Kick              |     1 |    15 ||    16
       Headbutt          |     6 |     7 ||    13
 Cast: Beastly Appendage |    14 |    22 ||    36
       Sticks to Snakes  |     3 |     8 ||    11
       Spider Form       |       |     1 ||     1
  Use: Potion            |     2 |     1 ||     3
       Scroll            |       |    12 ||    12
 Stab: Sleeping          |     1 |       ||     1
       Distracted        |       |     2 ||     2
  Eat: Fruit             |     1 |       ||     1
       Chunk             |       |     7 ||     7
Armor: Skin              |    36 |    35 ||    71
Dodge: Dodged            |    60 |    72 ||   132
